 Dungeon Crawl Stone Soup version 0.30.1-3-gfc49f6343a (webtiles) character file.

Game seed: 4111110415642582448

2352 Zeor the Slasher (level 9, -2/72 HPs)
             Began as a Demonspawn Gladiator on Aug 7, 2023.
             Slain by a gnoll sergeant
             ... wielding a +2 spear of venom
              (3 damage)
             ... on level 7 of the Dungeon.
             The game lasted 00:17:18 (6654 turns).

Zeor the Slasher (Demonspawn Gladiator)             Turns: 6654, Time: 00:17:20

Health: -2/72      AC: 10    Str: 15    XL:     9   Next: 20%
Magic:  9/9        EV: 14    Int: 10    God:
Gold:   354        SH:  0    Dex: 18    Spells: 8/8 levels left

rFire   . . .        a - +0 long sword (venom)
rCold   + . .        (no shield)
rNeg    . . .        m - +3 leather armour {rC+}
rPois   .            (helmet restricted)
rElec   .            g - +1 cloak
rCorr   .            (no gloves)
SInv    +            (no boots)
Will    .....        (no amulet)
Stlth   ++           h - ring of see invisible
HPRegen 0.32/turn    (no ring)
MPRegen 0.11/turn

%: no passive effects
@: lethally poisoned (-2 -> -11)
A: horns 2, rugged brown scales 2, mutation resistance 1
a: no special abilities


You were on level 7 of the Dungeon.
You visited 1 branch of the dungeon, and saw 7 of its levels.

You collected 354 gold pieces.

Inventory:

Hand Weapons
 a - a +0 long sword of venom (weapon)
 s - a +0 long sword
Missiles
 b - 14 poisoned darts
 d - 4 throwing nets
 e - a javelin
 p - 7 boomerangs (quivered)
Armour
 g - a +1 cloak (worn)
 m - a +3 leather armour of cold resistance (worn)
 q - a +1 plate armour of cold resistance
Jewellery
 h - a ring of see invisible (left hand)
 o - a ring of ice
 u - a ring of wizardry
Wands
 i - a wand of digging (12)
 n - a wand of light (3)
Scrolls
 k - a scroll of fog
 r - a scroll of fear
Potions
 l - 2 potions of resistance
 t - 3 potions of cancellation {unknown}
 v - a potion of flight
 w - a potion of invisibility {unknown}


   Skills:
 + Level 6.2 Fighting
 + Level 7.6 Long Blades
 + Level 2.3 Throwing
 + Level 3.6 Armour
 * Level 5.3 Dodging
 + Level 2.8 Stealth


You had 8 spell levels left.
You didn't know any spells.
Your spell library contained the following spells:

 Spells                   Type           Power      Damage    Failure   Level
 Magic Dart               Conj           0%         1d3       43%         1
 Slow                     Hex            0%         N/A       43%         1
 Summon Small Mammal      Summ           0%         N/A       43%         1
 Call Imp                 Summ           0%         N/A       56%         2
 Cigotuvi's Dreadful Rot  Necr/Pois/Air  0%         N/A       56%         2
 Ensorcelled Hibernation  Hex/Ice        0%         N/A       56%         2
 Lesser Beckoning         Tloc           0%         N/A       56%         2
 Call Canine Familiar     Summ           0%         N/A       80%         3
 Confusing Touch          Hex            0%         N/A       80%         3
 Gell's Gravitas          Tloc           0%         N/A       80%         3
 Ignite Poison            Fire/Tmut/Pois 0%         N/A       80%         3
 Mephitic Cloud           Conj/Pois/Air  0%         N/A       80%         3
 Spider Form              Tmut/Pois      0%         N/A       80%         3
 Summon Guardian Golem    Hex/Summ       0%         N/A       80%         3
 Teleport Other           Tloc           0%         N/A       80%         3
 Vampiric Draining        Necr           0%         2d6       80%         3
 Anguish                  Hex/Necr       0%         N/A       99%         4
 Sticky Flame             Conj/Fire      0%         2d3       99%         4
 Freezing Cloud           Conj/Ice/Air   0%         6-21      100%        5
 Ignition                 Fire           0%         3d3       100%        8


Dungeon Overview and Level Annotations

Branches:
Dungeon (7/15)
 Temple: D:4-7

Altars:
Gozag
Hepliaklqana
Ru
Trog
Vehumet

Shops:
D:7 [

Annotations:
D:2 1 runed translucent door, Crazy Yiuf
D:5 1 runed translucent door, jujuben's ghost, novice HOFi


Innate Abilities, Weirdness & Mutations

You have a pair of horns on your head.
You are mostly covered in rugged brown scales. (AC +2, +5% HP)
You are somewhat resistant to further mutation.


Message History

The gnoll sergeant attacks as you move away!
The gnoll sergeant hits you with a +2 spear of venom!
* * * LOW HITPOINT WARNING * * *
You are more poisoned.
* * * LOW HITPOINT WARNING * * *
You feel very sick. The gnoll sergeant misses you.
* * * LOW HITPOINT WARNING * * *
You feel very sick.
You see here a +0 whip.
You feel very sick. The gnoll sergeant misses you.
You're too confused to move!
You feel sick. The gnoll sergeant barely misses you.
You're too confused to move!
You feel sick.
The gnoll sergeant hits you with a +2 spear of venom.
* * * LOW HITPOINT WARNING * * *
You are lethally poisoned!
You miss the gnoll sergeant.
The gnoll sergeant is severely wounded.
You feel less invigorated.
You feel less confused.
* * * LOW HITPOINT WARNING * * *
You feel very sick. The gnoll sergeant misses you.
You hit the gnoll sergeant but do no damage.
Your headbutt misses the gnoll sergeant.
The gnoll sergeant is severely wounded.
* * * LOW HITPOINT WARNING * * *
You feel sick.
The gnoll sergeant hits you with a +2 spear of venom.
* * * LOW HITPOINT WARNING * * *
You are more poisoned.
You barely miss the gnoll sergeant. You headbutt the gnoll sergeant.
The gnoll sergeant is almost dead.
* * * LOW HITPOINT WARNING * * *
You feel very sick.
A bullfrog comes into view.
The gnoll sergeant hits you with a +2 spear of venom.
You die...

▒ ▒▒▒▒▒ ▒∙▒ ∙▒∙∙∙∙▒ ▒▒▒▒ ▒∙▒
∙>∙∙?∙▒ ∙∙∙▒ ▒∙▒ ▒∙g(∙∙▒
∙∙∙▒ ▒∙▒ ▒▒▒▒▒▒ ▒g∙∙∙∙▒
∙∙∙▒▒▒▒▒▒F▒▒▒∙∙∙∙▒ ▒g∙∙∙∙▒
∙∙∙∙∙∙∙∙∙∙∙∙∙>∙(∙▒ ▒∙∙∙∙∙▒
∙∙∙∙∙∙∙∙∙∙∙∙∙∙∙∙6▒▒▒∙∙∙∙∙▒
∙∙∙∙∙∙∙∙∙∙∙∙∙∙∙))g∙∙∙∙∙∙∙▒
∙∙∙∙∙∙∙∙∙∙∙∙∙∙∙∙∙▒∙∙∙∙∙∙∙▒
∙∙∙∙∙∙∙∙∙∙∙∙∙∙∙▒▒▒∙∙∙∙∙∙∙∙∙∙
∙∙∙∙∙∙∙∙∙[∙∙∙∙∙▒▒▒∙∙$∙▒▒▒▒▒▒
∙∙∙∙∙∙∙∙∙∙∙∙∙∙∙∙∙■∙∙∙∙▒
▒∙∙∙∙∙∙∙∙∙∙∙∙∙∙▒▒▒∙∙∙∙▒
▒∙∙∙∙∙∙∙∙∙∙∙∙∙∙▒ ▒∙∙∙∙▒
▒∙∙∙∙∙∙∙∙∙∙∙∙∙∙▒ ▒∙∙∙∙▒


You could see a gnoll sergeant (very poisoned) and a bullfrog (wandering).

Vanquished Creatures
  Eustachio (D:6)
  Menkaure (D:6)
  An ice beast (D:6)
  2 sky beasts
  An ogre (D:4)
  A centaur (D:4)
  4 phantoms
  A kobold brigand (D:7)
  2 bullfrogs
  2 scorpions (D:5)
  A howler monkey (D:6)
  A hound (D:5)
  A jelly (D:6)
  A gnoll bouda (D:6)
  2 orc priests
  2 sleepcaps
  Jessica (D:3)
  8 iguanas
  Natasha (thrice) (D:3)
  Terence (D:3)
  2 orc wizards (D:5)
  18 gnolls
  10 adders
  A shadow imp (D:6)
  A white imp (D:4)
  An ufetubus (D:5)
  4 worms
  2 dart slugs (D:1)
  13 orcs
  4 ball pythons
  2 bats
  10 endoplasms
  2 giant cockroaches
  7 goblins
  8 hobgoblins
  7 jackals
  7 kobolds
  8 quokkas
  3 frilled lizards (D:1)
  3 rats
150 creatures vanquished.

Notes
Turn   | Place    | Note
-------+----------+-------------------------------------------
     0 | D:1      | Zeor the Demonspawn Gladiator began the quest for the Orb.
     0 | D:1      | Reached XP level 1. HP: 16/16 MP: 1/1
   289 | D:1      | Reached skill level 3 in Long Blades
   289 | D:1      | Gained mutation: You have a pair of small horns on your
                  | head. [demonic ancestry]
   289 | D:1      | Reached XP level 2. HP: 22/22 MP: 2/2
   749 | D:1      | You fall into a shaft and drop 1 floor!
   779 | D:2      | Found a faded altar of an unknown god.
   793 | D:2      | Reached XP level 3. HP: 21/27 MP: 3/3
   849 | D:2      | Gained mutation: You are partially covered in rugged brown
                  | scales. (AC +1, +3% HP) [demonic ancestry]
   849 | D:2      | Reached XP level 4. HP: 7/33 MP: 4/4
  1442 | D:2      | Reached skill level 1 in Armour
  1607 | D:2      | Reached skill level 4 in Long Blades
  2042 | D:2      | Found a runed translucent door.
  2043 | D:2      | Noticed Crazy Yiuf
  2375 | D:3      | Noticed Jessica
  2380 | D:3      | Killed Jessica
  2381 | D:3      | Reached XP level 5. HP: 35/40 MP: 5/5
  2580 | D:3      | Found an opulent altar of Gozag.
  2583 | D:3      | Noticed Terence
  2595 | D:3      | Killed Terence
  2692 | D:3      | Noticed Natasha
  2698 | D:3      | Killed Natasha
  2699 | D:3      | Gained mutation: You have a pair of horns on your head.
                  | [demonic ancestry]
  2699 | D:3      | Reached XP level 6. HP: 48/48 MP: 6/6
  2727 | D:3      | Found a bloodstained altar of Trog.
  2732 | D:3      | Found a sacrificial altar of Ru.
  2735 | D:3      | Found a hazy altar of Hepliaklqana.
  2738 | D:3      | Found a radiant altar of Vehumet.
  2854 | D:3      | Reached skill level 1 in Stealth
  2919 | D:3      | Noticed Natasha
  2926 | D:3      | Killed Natasha
  3028 | D:3      | Noticed Natasha
  3031 | D:3      | Killed Natasha
  3174 | D:4      | Reached skill level 5 in Long Blades
  3353 | D:4      | Reached XP level 7. HP: 47/54 MP: 7/7
  4126 | D:5      | Entered Level 5 of the Dungeon
  4133 | D:4      | Gained mutation: You are somewhat resistant to further
                  | mutation. [potion of mutation]
  4620 | D:5      | Noticed jujuben's ghost (novice HOFi)
  4626 | D:5      | Found a runed translucent door.
  4736 | D:5      | Reached skill level 6 in Long Blades
  4736 | D:5      | Gained mutation: You are mostly covered in rugged brown
                  | scales. (AC +2, +5% HP) [demonic ancestry]
  4736 | D:5      | Reached XP level 8. HP: 56/64 MP: 8/8
  4967 | D:5      | Reached skill level 5 in Fighting
  5468 | D:6      | Noticed Eustachio
  5473 | D:6      | Noticed Menkaure
  5495 | D:6      | Killed Eustachio
  5668 | D:6      | Killed Menkaure
  5871 | D:6      | Reached skill level 7 in Long Blades
  6051 | D:6      | Reached XP level 9. HP: 62/72 MP: 9/9
  6353 | D:7      | Reached skill level 5 in Dodging
  6376 | D:7      | Found Vonoasaso's Armour Shop.
  6654 | D:7      | HP: 1/72 [poisoned by a gnoll sergeant]
  6654 | D:7      | Slain by a gnoll sergeant

Illustrated notes

Levels and vault maps discovered:
D:1:      tarquinn_simple_flora_water_b, layout_loops_ring, minmay_fountain_box,
          nicolae_figureground_sparkle
D:2:      wad_river_or_something, layout_basic,
          ebering_ecumenical_altar_abandoned, minmay_unequal,
          uniq_crazy_yiuf_cottage
D:3:      layout_rooms, grunt_temple_overflow_cloverleaf,
          nicolae_overflow_hidden_temple, mainiacjoe_overflow_chevrons,
          minmay_stone_trees_small, uniq_jessica, uniq_natasha, uniq_terence
D:4:      layout_gridville, grunt_decor_mini_mirrors, serial_bayou_ford_a
D:5:      layout_loops_cross, hellmonk_ghost_happy_afterlife, st_stairs_11,
          hangedman_decor_slide_cut
D:6:      layout_rooms, uniq_menkaure, uniq_eustachio
D:7:      layout_basic, lemuel_temple_firewalk_b, serial_shops, shop,
          centaur_isle

Skill      XL: |  1  2  3  4  5  6  7  8  9 |
---------------+----------------------------+-----
Long Blades    | 3 4 5 6 7 |  7.6
Throwing       | 2 |  2.3
Dodging        | 3 4 5 |  5.3
Armour         | 1 2 3 |  3.6
Fighting       | 3 4 6 |  6.2
Stealth        | 1 2 |  2.8

Action                     |  1- 3 |  4- 6 |  7- 9 || total
---------------------------+-------+-------+-------++-------
  Melee: Long sword        |    60 |   153 |   262 ||   475
         Headbutt          |     6 |    27 |    50 ||    83
         Punch             |     1 |     3 |     2 ||     6
  Throw: Boomerang         |       |     6 |       ||     6
    Use: Scroll            |     2 |     9 |     4 ||    15
         Potion            |     2 |     1 |     8 ||    11
   Stab: Sleeping          |       |     4 |     3 ||     7
         Distracted        |       |       |     1 ||     1
 Armour: Leather armour    |    10 |    43 |    52 ||   105
         Skin              |       |       |   103 ||   103
  Dodge: Dodged            |    35 |   114 |   177 ||   326
